 Dungeon Sprint DCSS version 0.29-a0-925-g0a7a3d12f8 (webtiles) character file.

Game seed: 16855791594509377518

96207 rocky1 the Pyromancer (level 15, -9/130 HPs)
             Began as a Yellow Draconian Ice Elementalist on July 28, 2022.
             Was the Champion of Sif Muna.
             Mangled by a merfolk impaler
             ... wielding a +2 trident of protection
              (20 damage)
             ... in the Dungeon (Sprint IX: "|||||||||||||||||||||||||||||") on July 29, 2022.
             The game lasted 00:58:48 (7920 turns).

rocky1 the Pyromancer (DrIE)                        Turns: 7920, Time: 00:58:49

Health: -9/130     AC: 20    Str: 11    XL:     15   Next: 31%
Magic:  14/34      EV: 14    Int: 25    God:    Sif Muna [******]
Gold:   22         SH:  0    Dex: 13    Spells: 12/45 levels left

rFire   . . .      SeeInvis .   D - +8 falchion of the Mind {speed, rPois rCorr Int+4}
rCold   + . .      Faith    .   A - orb {light}
rNeg    . . .      Spirit   .   (body armour unavailable)
rPois   +          Reflect  .   (helmet restricted)
rElec   .          Harm     .   N - +2 cloak {Stlth+}
rCorr   +          Rampage  .   M - +2 pair of gloves
Will    +....      NoTele   +   O - +2 pair of boots {Stlth+}
Stlth   ++........              G - amulet of regeneration
HPRegen 1.11/turn               m - +2 ring of protection
MPRegen 0.24/turn               H - ring of protection from cold

@: lethally poisoned (-9 -> -10), channelling, glowing
A: spit acid, AC +9, unfitting armour, acidic bite, cold-blooded, acid
resistance
}: 1/17 runes: decaying
a: Breathe Acid, Renounce Religion, Channel Magic, Forget Spell, Divine Exegesis


You were in the Dungeon.
You worshipped Sif Muna.
Sif Muna was exalted by your worship.
You visited 1 branch You collected 1919 gold pieces.
You spent 1897 gold pieces at shops.

Inventory:

Hand Weapons
 i - a +5 scimitar of holy wrath
 D - the +8 falchion of the Mind (weapon) {speed, rPois rCorr Int+4}
   (You bought it in a shop in the Dungeon)

   Attacks with this weapon are significantly faster.
   Int:       It affects your intelligence (+4).
   rPois:     It protects you from poison.
   rCorr:     It protects you from acid and corrosion.
Missiles
 v - 2 throwing nets
 w - 4 curare-tipped darts
 E - 7 javelins
Armour
 x - a +0 kite shield
 A - an orb of light (worn)
 M - a +2 pair of gloves (worn)
 N - a +2 cloak of stealth (worn)
 O - a +2 pair of boots of stealth (worn)
Jewellery
 c - a +6 ring of intelligence
 m - a +2 ring of protection (left hand)
 q - a +4 ring of protection
 F - a +2 ring of slaying
 G - an amulet of regeneration (around neck)
 H - a ring of protection from cold (right hand)
 I - a ring of fire
 K - a +6 ring of intelligence
 L - a +2 ring of slaying
Wands
 h - a wand of roots (16)
Scrolls
 f - 4 scrolls of blinking
 g - 3 scrolls of amnesia
 t - 8 scrolls of fear
 y - a scroll of poison
 z - 2 scrolls of butterflies
 B - a scroll of magic mapping
Potions
 a - 6 potions of magic
 b - a potion of invisibility
 d - a potion of haste
 e - 8 potions of curing
 j - 2 potions of brilliance
 k - 3 potions of might
 l - 2 potions of mutation
 n - 3 potions of heal wounds
 o - a potion of resistance
 p - a potion of lignification {unknown}
 s - a potion of berserk rage
 u - 2 potions of attraction


   Skills:
 - Level 11.2 Fighting
 - Level 14.0 Long Blades
 - Level 5.6 Staves
 - Level 5.5 Dodging
 - Level 1.7 Stealth
 - Level 15.5 Spellcasting
 + Level 19.2 Conjurations
 + Level 25.9 Fire Magic
 - Level 18.5 Ice Magic
 - Level 12.9 Invocations


You had 12 spell levels left.
You knew the following spells:

 Your Spells              Type           Power      Damage    Failure   Level
a - Freeze                Ice            100%       1d11      0%          1
b - Frozen Ramparts       Ice            100%       1d12      0%          3
c - Ozocubu's Armour      Ice            84%        N/A       0%          3
d - Hailstorm             Conj/Ice       85%        3d17      0%          4
e - Ozocubu's Refrigerat  Ice            42%        4d13      1%          7
f - Fire Storm            Conj/Fire      46%        8d12      26%         9
g - Starburst             Conj/Fire      46%        6d13      1%          6

Your spell library contained the following spells:

 Spells                   Type           Power      Damage    Failure   Level
 Foxfire                  Conj/Fire      100%       2x1d9     0%          1
 Magic Dart               Conj           100%       1d8       0%          1
 Scorch                   Fire           100%       2d10      0%          2
 Searing Ray              Conj           100%       2d8       0%          2
 Conjure Flame            Conj/Fire      93%        6-21      0%          3
 Flame Wave               Conj/Fire      93%        2d20      0%          4
 Sticky Flame             Conj/Fire      93%        2d10      0%          4
 Fireball                 Conj/Fire      46%        3d18      0%          5
 Shock                    Conj/Air       100%       1d9       1%          1
 Ensorcelled Hibernation  Hex/Ice        100%       N/A       1%          2
 Static Discharge         Conj/Air       61%        3-11/arc  1%          2
 Dazzling Flash           Conj/Hex       100%       N/A       1%          3
 Ignite Poison            Fire/Tmut/Pois 58%        N/A       1%          3
 Inner Flame              Hex/Fire       71%        N/A       1%          3
 Mephitic Cloud           Conj/Pois/Air  51%        N/A       1%          3
 Stone Arrow              Conj/Erth      100%       3d13      1%          3
 Fulminant Prism          Conj/Hex       30%        3d16      1%          4
 Ice Form                 Ice/Tmut       60%        N/A       1%          4
 Iskenderun's Mystic Bla  Conj/Tloc      61%        2d13      1%          4
 Summon Ice Beast         Ice/Summ       60%        N/A       1%          4
 Freezing Cloud           Conj/Ice/Air   35%        6-21      1%          5
 Irradiate                Conj/Tmut      30%        3d21      1%          5
 Iskenderun's Battlesphe  Conj           86%        2d13      1%          5
 Lightning Bolt           Conj/Air       30%        1d47      1%          5
 Metabolic Englaciation   Hex/Ice        30%        N/A       1%          5
 Orb of Destruction       Conj           43%        9d12      1%          7
 Ignition                 Fire           49%        3d14      1%          8
 Slow                     Hex            76%        N/A       2%          1
 Sting                    Tmut/Pois      76%        1d6       2%          1
 Call Imp                 Summ           19%        N/A       4%          2
 Poisonous Vapours        Pois/Air       38%        N/A       4%          2
 Call Canine Familiar     Summ           19%        N/A       9%          3
 Confusing Touch          Hex            19%        N/A       9%          3
 Portal Projectile        Hex/Tloc       38%        N/A       9%          3
 Tukima's Dance           Hex            19%        N/A       9%          3
 Conjure Ball Lightning   Conj/Air       30%        3x3d10    9%          6
 Iron Shot                Conj/Erth      30%        9d6       9%          6
 Simulacrum               Ice/Necr       30%        N/A       10%         6
 Airstrike                Air            9%         0-4+      28%         4
 Anguish                  Hex/Necr       9%         N/A       28%         4
 Animate Dead             Necr           19%        N/A       28%         4
 Cause Fear               Hex            9%         N/A       28%         4
 Corpse Rot               Necr/Pois/Air  19%        N/A       28%         4
 Leda's Liquefaction      Hex/Erth       9%         N/A       28%         4
 Olgreb's Toxic Radiance  Pois           19%        N/A       28%         4
 Petrify                  Tmut/Erth      19%        N/A       28%         4
 Summon Lightning Spire   Summ/Air       19%        N/A       28%         4
 Spellforged Servitor     Conj/Summ      30%        N/A       41%         7
 Agony                    Necr           19%        N/A       61%         5
 Alistair's Intoxication  Tmut/Pois      12%        N/A       61%         5
 Blade Hands              Tmut           9%         N/A       61%         5
 Borgnjor's Vile Clutch   Necr/Erth      9%         N/A       61%         5
 Lee's Rapid Deconstruct  Erth           9%         3d8*      61%         5
 Silence                  Hex/Air        9%         N/A       61%         5
 Summon Forest            Summ/Tloc      9%         N/A       61%         5
 Summon Mana Viper        Hex/Summ       19%        N/A       61%         5
 Polar Vortex             Ice            42%        N/A       82%         9
 Lehudib's Crystal Spear  Conj/Erth      30%        10d8      98%         8
 Death Channel            Necr           9%         N/A       99%         6
 Statue Form              Tmut/Erth      12%        N/A       99%         6
 Haunt                    Necr/Summ      9%         N/A       100%        7
 Storm Form               Tmut/Air       9%         N/A       100%        7
 Summon Hydra             Summ           9%         N/A       100%        7
 Discord                  Hex            9%         N/A       100%        8
 Maxwell's Capacitive Co  Air            9%         ∞         100%        8
 Summon Horrible Things   Summ           9%         N/A       100%        8
 Chain Lightning          Conj/Air       30%        3d40      100%        9
 Shatter                  Erth           9%         3d11*     100%        9


Dungeon Overview and Level Annotations

Branches:
Dungeon (1/1)

Altars:
Cheibriados
Dithmenos
Elyvilon
Fedhas
Gozag
Hepliaklqana
Kikubaaqudgha
Makhleb
Nemelex Xobeh
Okawaru
Qazlal
Ru
Sif Muna
Trog
Uskayaw
Vehumet
Wu Jian
Xom
Yredelemnul
Zin
The Shining One
Jiyva
Lugonu

Shops:
D ?[**


Innate Abilities, Weirdness & Mutations

You can spit globs of acid.
Your golden yellow scales are hard. (AC +9)
You cannot fit into any form of body armour.
You have acidic saliva.
You are cold-blooded and may be slowed by cold attacks.
You are resistant to acid. (rCorr)


Message History

The javelin barely misses you.
The merfolk impaler hits you from afar with a +2 trident of protection!
* * * LOW HITPOINT WARNING * * *
The merfolk impaler hits you from afar with a +2 trident of protection!
* * * LOW HITPOINT WARNING * * *
You feel much better.
The merfolk javelineer hits you but does no damage.
You are poisoned.
The merfolk impaler hits you from afar with a +2 trident of protection.
* * * LOW HITPOINT WARNING * * *
The merfolk impaler completely misses you.
Unknown command.
Casting: Starburst (safe; 1% risk of failure)
Confirm with . or Enter, or press ? or * to list all spells.
Casting: Starburst (safe; 1% risk of failure)
Press: ? - help, Dir - look around, f - activate The bolt of fire hits the merfolk javelineer!!!
You kill the merfolk javelineer!
Sif Muna accepts your kill.
You see here a book of Decay.
Sif Muna grants you a gift!
The bolt of fire misses the merfolk impaler.
The bolt of fire hits the merfolk!!!
The merfolk is severely wounded.
You feel very sick.
The merfolk impaler hits you from afar with a +2 trident of protection!
* * * LOW HITPOINT WARNING * * *
Unknown command.
Casting: Starburst (safe; 1% risk of failure)
Confirm with . or Enter, or press ? or * to list all spells.
Casting: Starburst (safe; 1% risk of failure)
Press: ? - help, Dir - look around, f - activate The bolt of fire hits the merfolk impaler!!!
The merfolk impaler is severely wounded.
The bolt of fire hits the merfolk!!
You kill the merfolk!
Sif Muna accepts your kill.
You feel sick.
The merfolk impaler hits you from afar with a +2 trident of protection!!
You die...

♣.♣.▓.▓.▓[▓.▓.▓.▓)
▓'▓.▓.▓.▓(▓.▓.▓.▓)
▓)▓.▓)▓.▓(▓.▓.▓.▓)
▓)▓.▓)▓.▓)▓.▓.▓.▓.
▓:▓.▓)▓.▓.▓.▓.▓.▓)
▓)▓.▓)▓.▓.▓)▓'▓.▓[
▓)▓.▓)▓.▓.▓.▓)▓.▓[
▓.▓.▓)▓.▓.▓.▓.▓.▓[
▓@▓.▓.▓.▓.▓.▓)▓.▓[
▓)▓.▓.▓.▓.▓.▓÷▓.▓=
▓m▓.▓[▓.▓.▓.▓.▓.▓[
▓)▓.▓[▓.▓.▓.▓)▓.▓[
▓)▓.▓.▓.▓.▓.▓.▓.▓.
▓.▓.▓.▓.▓.▓)▓.▓.▓.
▓.▓.▓[▓.▓.▓.▓.▓.▓.
▓+▓.▓[▓.▓÷▓.▓'▓.▓.
▓.▓.▓.▓'▓)▓)▓.▓.


You could see a merfolk impaler.

Vanquished Creatures
  Saint Roka (D)
  Rupert (D)
  Kirke (D)
  A sphinx (D)
  Donald (D)
  Ilsuiw (D)
  2 fire giants (D)
  Aizul (D)
  2 frost giants (D)
  An emperor scorpion (D)
  2 vault wardens (D)
  An ironbound preserver (D)
  An orc warlord (D)
  4 stone giants (D)
  2 ironbound thunderhulks (D)
  A dire elephant (D)
  A spark wasp (D)
  6 merfolk javelineers (D)
  3 ettins (D)
  2 merfolk impalers (D)
  A yaktaur captain (D)
  A fire dragon (D)
  An ice dragon (D)
  Harold (D)
  8 hydras (D)
  2 rakshasas (D)
  A catoblepas (D)
  A merfolk avatar (D)
  A salamander tyrant (D)
  2 alligators (D)
  A jorogumo (D)
  An anaconda (D)
  A merfolk aquamancer (D)
  3 ironbound frosthearts (D)
  A naga warrior (D)
  A radroach (D)
  6 death yaks (D)
  A spriggan berserker (D)
  2 deep troll earth magi (D)
  2 tengu warriors (D)
  Urug (D)
  A shock serpent (D)
  8 orc high priests (D)
  Sonja (D)
  A hell knight (D)
  A sea snake (D)
  2 spriggan druids (D)
  A steelbarb worm (D)
  A pharaoh ant (D)
  A naga ritualist (D)
  9 swamp dragons (D)
  A glowing orange brain (D)
  A lindwurm (D)
  A wizard (D)
  An ironbound convoker (D)
  A mana viper (D)
  An orc sorcerer (D)
  2 manticores (D)
  3 ugly things (D)
  2 will-o-the-wisps (D)
  Joseph (D)
  2 vault sentinels (D)
  A water nymph (D)
  A gargoyle (D)
  2 black mambas (D)
  A naga mage (D)
  A torpor snail (D)
  3 cane toads (D)
  3 demonic crawlers (D)
  4 yaktaurs (D)
  2 tengu conjurers (D)
  A polar bear (D)
  4 merfolk (D)
  A blink frog (D)
  A hornet (D)
  2 snapping turtles (D)
  A raiju (shapeshifter) (D)
  A spriggan (D)
  4 wraiths (D)
  2 hogs (D)
  2 wyverns (D)
  4 yaks (D)
  2 basilisks (D)
  A hog (shapeshifter) (D)
  A vampire mosquito (D)
  A warg (D)
  3 water moccasins (D)
  2 black bears (D)
  17 orc warriors (D)
  2 boggarts (D)
  A centaur (D)
  3 bullfrogs (D)
  2 scorpions (D)
  A wight (D)
  A killer bee (D)
  A howler monkey (D)
  9 orc priests (D)
  4 orc wizards (D)
  An adder (D)
  A dart slug (D)
  7 orcs (D)
  A goblin (D)
  A ball python (D)
  2 bats (D)
  A rat (D)
222 creatures vanquished.

Vanquished Creatures (collateral kills)
  Josephine (D)
1 creature vanquished.

Vanquished Creatures (others)
  3 humans (D)
  An orc wizard (D)
  5 fire vortices (D)
  2 foxfires (D)
11 creatures vanquished.

Grand Total: 234 creatures vanquished

Notes
Turn   | Place    | Note
-------+----------+-------------------------------------------
     0 | D        | rocky1 the Draconian Ice Elementalist began the quest for
                  | the Orb.
     0 | D        | Reached XP level 1. HP: 14/14 MP: 3/3
   179 | D        | Noticed a scorpion
   179 | D        | Noticed an orc wizard
   179 | D        | Noticed a scorpion
   183 | D        | Reached skill level 5 in Ice Magic
   191 | D        | Killed a scorpion
   192 | D        | Reached XP level 2. HP: 20/20 MP: 1/7
   192 | D        | Reached XP level 3. HP: 26/26 MP: 1/8
   200 | D        | Reached XP level 4. HP: 33/33 MP: 1/10
   204 | D        | Reached skill level 5 in Spellcasting
   213 | D        | Killed a scorpion
   214 | D        | Reached XP level 5. HP: 33/38 MP: 1/13
   417 | D        | Found a snail-covered altar of Cheibriados.
   417 | D        | Found a shadowy altar of Dithmenos.
   417 | D        | Found a white marble altar of Elyvilon.
   417 | D        | Found a blossoming altar of Fedhas.
   417 | D        | Found an opulent altar of Gozag.
   418 | D        | Found a hazy altar of Hepliaklqana.
   519 | D        | Found a viscous altar of Jiyva.
   520 | D        | Found an ancient bone altar of Kikubaaqudgha.
   521 | D        | Found a corrupted altar of Lugonu.
   522 | D        | Found a burning altar of Makhleb.
   527 | D        | Learned a level 3 spell: Frozen Ramparts
   531 | D        | Learned a level 3 spell: Ozocubu's Armour
   531 | D        | Found a sparkling altar of Nemelex Xobeh.
   532 | D        | Found an iron altar of Okawaru.
   533 | D        | Found a stormy altar of Qazlal.
   534 | D        | Found a sacrificial altar of Ru.
   535 | D        | Found a shimmering blue altar of Sif Muna.
   536 | D        | Found a bloodstained altar of Trog.
   537 | D        | Found a hide-covered altar of Uskayaw.
   538 | D        | Found a radiant altar of Vehumet.
   539 | D        | Found an ornate altar of the Wu Jian Council.
   540 | D        | Found a shimmering altar of Xom.
   541 | D        | Found a basalt altar of Yredelemnul.
   542 | D        | Found a glowing silver altar of Zin.
   543 | D        | Found a glowing golden altar of the Shining One.
   545 | D        | Became a worshipper of Sif Muna the Loreminder
   602 | D        | Noticed a centaur
   602 | D        | Noticed a yak
   602 | D        | Noticed an orc warrior
   602 | D        | Noticed an orc warrior
   605 | D        | Killed a centaur
   606 | D        | Reached skill level 10 in Ice Magic
   606 | D        | Killed an orc warrior
   606 | D        | Killed a yak
   606 | D        | Reached * piety under Sif Muna
   607 | D        | Reached XP level 6. HP: 42/45 MP: 7/17
   613 | D        | Your scales start taking on a golden yellow colour.
   613 | D        | Reached XP level 7. HP: 43/50 MP: 5/18
   613 | D        | Gained mutation: You are resistant to acid. (rCorr) [Yellow
                  | Draconian growth]
   613 | D        | Reached ** piety under Sif Muna
   805 | D        | Learned a level 4 spell: Hailstorm
   808 | D        | Noticed a basilisk
   808 | D        | Noticed a gargoyle
   808 | D        | Noticed a wraith
   808 | D        | Noticed a hog
   812 | D        | Killed a gargoyle
   813 | D        | Reached XP level 8. HP: 62/62 MP: 14/21
   816 | D        | Reached *** piety under Sif Muna
  1075 | D        | Got the +6 broad axe of the Final Chapter {spect, rN+
                  | Int+4}
  1089 | D        | Noticed a polar bear
  1089 | D        | Noticed a cane toad
  1094 | D        | Killed a cane toad
  1095 | D        | Reached **** piety under Sif Muna
  1096 | D        | Noticed a cane toad
  1099 | D        | Reached skill level 5 in Fighting
  1099 | D        | Reached skill level 5 in Invocations
  1099 | D        | Reached XP level 9. HP: 64/74 MP: 8/22
  1099 | D        | Killed a polar bear
  1100 | D        | Reached skill level 5 in Staves
  1100 | D        | Reached skill level 5 in Dodging
  1100 | D        | Reached skill level 5 in Conjurations
  1100 | D        | Killed a cane toad
  1100 | D        | Reached ***** piety under Sif Muna
  1101 | D        | Reached skill level 10 in Spellcasting
  1108 | D        | Received a gift from Sif Muna
  1120 | D        | Got Elorr's Handbook of Vexing Glaciation {god gift}
  1129 | D        | Learned a level 7 spell: Ozocubu's Refrigeration
  1205 | D        | Noticed a cane toad
  1208 | D        | Noticed a death yak
  1209 | D        | Killed a cane toad
  1294 | D        | Killed a death yak
  1294 | D        | Received a gift from Sif Muna
  1295 | D        | Reached skill level 15 in Ice Magic
  1295 | D        | Reached XP level 10. HP: 58/88 MP: 2/25
  1295 | D        | Got Sif Muna's Anthology of Conduction {god gift}
  1528 | D        | Noticed a death yak
  1528 | D        | Noticed a death yak
  1528 | D        | Noticed a death yak
  1528 | D        | Noticed a death yak
  1528 | D        | Noticed a death yak
  1531 | D        | Noticed a catoblepas
  1533 | D        | Killed a death yak
  1539 | D        | Killed a death yak
  1541 | D        | Killed a death yak
  1545 | D        | Killed a death yak
  1551 | D        | Killed a death yak
  1551 | D        | Received a gift from Sif Muna
  1554 | D        | Reached skill level 10 in Fighting
  1554 | D        | Killed a catoblepas
  1555 | D        | Reached skill level 10 in Invocations
  1555 | D        | Reached XP level 11. HP: 34/100 MP: 18/27
  1811 | D        | Got Sif Muna's Spellbook of Conflagrant Combat Magic {god
                  | gift}
  1823 | D        | Learned a level 9 spell: Fire Storm
  1864 | D        | Noticed Joseph
  1873 | D        | Killed Joseph
  1874 | D        | Reached skill level 1 in Fire Magic
  2067 | D        | Noticed Josephine
  2071 | D        | Received a gift from Sif Muna
  2072 | D        | Killed Josephine
  2073 | D        | Reached skill level 2 in Fire Magic
  2126 | D        | Got Kag Joun's Codex of Scorched Attacks {god gift}
  2134 | D        | Noticed Sonja
  2140 | D        | Noticed Harold
  2148 | D        | Killed Sonja
  2149 | D        | Reached skill level 10 in Conjurations
  2149 | D        | Reached skill level 3 in Fire Magic
  2152 | D        | Killed Harold
  2277 | D        | Reached skill level 4 in Fire Magic
  2283 | D        | Received a gift from Sif Muna
  2419 | D        | Received a gift from Sif Muna
  2431 | D        | Reached ****** piety under Sif Muna
  2431 | D        | Received a gift from Sif Muna
  2452 | D        | Got Sif Muna's Precepts of Alluring Exhumation {god gift}
  2452 | D        | Got Ytafoest's Guide on the Squall {god gift}
  2715 | D        | Found Robbaaf's Magic Scroll Emporium.
  2715 | D        | Noticed an orc high priest
  2715 | D        | Noticed an orc high priest
  2715 | D        | Noticed an orc high priest
  2715 | D        | Noticed an orc high priest
  2717 | D        | Killed an orc high priest
  2717 | D        | Killed an orc high priest
  2718 | D        | Reached skill level 5 in Fire Magic
  2718 | D        | Killed an orc high priest
  2718 | D        | Killed an orc high priest
  2719 | D        | Reached skill level 6 in Fire Magic
  2728 | D        | Noticed an orc high priest
  2734 | D        | Killed an orc high priest
  2734 | D        | Received a gift from Sif Muna
  2735 | D        | Got Sif Muna's Advanced Guide to Casting {god gift}
  2958 | D        | Found Olas's Armour Shoppe.
  2962 | D        | Found Rudo's General Store.
  2966 | D        | Found Suilie's General Store.
  2968 | D        | Noticed an orc high priest
  2969 | D        | Noticed an orc high priest
  2970 | D        | Noticed an orc high priest
  2976 | D        | Killed an orc high priest
  2977 | D        | Reached XP level 12. HP: 81/110 MP: 8/29
  2977 | D        | Killed an orc high priest
  2977 | D        | Killed an orc high priest
  2978 | D        | Reached skill level 7 in Fire Magic
  3134 | D        | Bought a scroll of poison for 44 gold pieces
  3134 | D        | Bought a scroll of blinking for 82 gold pieces
  3134 | D        | Bought a scroll of enchant armour for 82 gold pieces
  3134 | D        | Bought a scroll of fear for 44 gold pieces
  3134 | D        | Bought a scroll of fear for 44 gold pieces
  3138 | D        | Bought a +1 pair of boots of flying for 181 gold pieces
  3138 | D        | Bought an orb of light for 176 gold pieces
  3140 | D        | Bought a scroll of magic mapping for 105 gold pieces
  3140 | D        | Bought a scroll of enchant weapon for 105 gold pieces
  3142 | D        | Bought a potion of magic for 96 gold pieces
  3142 | D        | Bought the +8 falchion of the Mind {speed, rPois rCorr
                  | Int+4} for 890 gold pieces
  3142 | D        | Bought a scroll of fear for 48 gold pieces
  3222 | D        | Noticed Urug
  3232 | D        | Killed Urug
  3519 | D        | Noticed a fire dragon
  3519 | D        | Noticed a four-headed hydra
  3519 | D        | Noticed a tengu warrior
  3519 | D        | Noticed a five-headed hydra
  3522 | D        | Killed a fire dragon
  3522 | D        | Received a gift from Sif Muna
  3522 | D        | Killed a four-headed hydra
  3522 | D        | Killed a tengu warrior
  3522 | D        | Killed a five-headed hydra
  3523 | D        | Reached skill level 8 in Fire Magic
  3526 | D        | Got Adaofit's Compendium of Transfiguration and the Impact
                  | {god gift}
  3545 | D        | Noticed a rakshasa
  3668 | D        | Killed a rakshasa
  3738 | D        | Noticed a rakshasa
  3749 | D        | Killed a rakshasa
  3749 | D        | Received a gift from Sif Muna
  3865 | D        | Noticed an ettin
  3865 | D        | Noticed a stone giant
  3870 | D        | Killed an ettin
  3874 | D        | Killed a stone giant
  3875 | D        | Reached skill level 10 in Long Blades
  4043 | D        | Noticed Aizul
  4060 | D        | Killed Aizul
  4061 | D        | Reached skill level 9 in Fire Magic
  4358 | D        | Got Sif Muna's Octavo of Violent Adjuration {god gift}
  4411 | D        | Learned a level 6 spell: Starburst
  4571 | D        | Noticed a spark wasp
  4571 | D        | Noticed a jorogumo
  4575 | D        | Killed a spark wasp
  4577 | D        | Reached skill level 10 in Fire Magic
  4577 | D        | Received a gift from Sif Muna
  4577 | D        | Killed a jorogumo
  4578 | D        | Reached XP level 13. HP: 39/116 MP: 7/31
  4592 | D        | Reached skill level 11 in Fire Magic
  4610 | D        | Got Sif Muna's Enchiridion on Violent Attendants {god gift}
  4792 | D        | Received a gift from Sif Muna
  4793 | D        | Reached skill level 12 in Fire Magic
  5000 | D        | Got Sif Muna's Precepts of the Pyromaniac and Metal {god
                  | gift}
  5013 | D        | Received a gift from Sif Muna
  5014 | D        | Reached skill level 13 in Fire Magic
  5015 | D        | Reached skill level 14 in Fire Magic
  5148 | D        | Reached skill level 15 in Fire Magic
  5311 | D        | Received a gift from Sif Muna
  5312 | D        | Reached skill level 16 in Fire Magic
  5323 | D        | Reached skill level 17 in Fire Magic
  5326 | D        | Got Sif Muna's Atlas of Hurtful Glaciation {god gift}
  5559 | D        | Noticed Kirke
  5566 | D        | Received a gift from Sif Muna
  5573 | D        | Killed Kirke
  5574 | D        | Reached skill level 18 in Fire Magic
  5576 | D        | Got Sif Muna's Grimoire of Frigid Metal {god gift}
  5616 | D        | Noticed Saint Roka
  5640 | D        | Killed Saint Roka
  5641 | D        | Reached skill level 19 in Fire Magic
  5769 | D        | Noticed Donald
  5776 | D        | Killed Donald
  5787 | D        | Noticed Rupert
  5800 | D        | Killed Rupert
  5800 | D        | Received a gift from Sif Muna
  5801 | D        | Reached skill level 20 in Fire Magic
  5801 | D        | Gained mutation: You have acidic saliva. [Yellow Draconian
                  | growth]
  5801 | D        | Reached XP level 14. HP: 34/124 MP: 10/32
  5803 | D        | Got Sif Muna's Monograph on Attacks {god gift}
  5915 | D        | Noticed a fire giant
  5917 | D        | Noticed a stone giant
  5919 | D        | Killed a fire giant
  5919 | D        | Killed a stone giant
  5919 | D        | Received a gift from Sif Muna
  5920 | D        | Reached skill level 21 in Fire Magic
  5923 | D        | Noticed a stone giant
  5924 | D        | Noticed a stone giant
  5932 | D        | Killed a stone giant
  5933 | D        | Reached skill level 22 in Fire Magic
  5933 | D        | Killed a stone giant
  5938 | D        | Noticed a frost giant
  5949 | D        | Received a gift from Sif Muna
  6181 | D        | Killed a frost giant
  6392 | D        | Noticed a fire giant
  6401 | D        | Killed a fire giant
  6402 | D        | Reached skill level 23 in Fire Magic
  6628 | D        | Got Sif Muna's Book of Reformation {god gift}
  6630 | D        | Noticed a frost giant
  6634 | D        | Killed a frost giant
  6634 | D        | Received a gift from Sif Muna
  6856 | D        | Got Sif Muna's Almanac of Spellbinding Calefaction {god
                  | gift}
  6860 | D        | Got Sif Muna's Catalogue of Outbursts {god gift}
  6882 | D        | Noticed an ironbound thunderhulk
  6886 | D        | Killed an ironbound thunderhulk
  6899 | D        | Noticed a sphinx
  6899 | D        | Noticed an ironbound preserver
  6900 | D        | Received a gift from Sif Muna
  6902 | D        | Noticed an ironbound thunderhulk
  6906 | D        | Noticed a vault warden
  6909 | D        | Killed a sphinx
  6910 | D        | Reached skill level 15 in Spellcasting
  6910 | D        | Reached skill level 24 in Fire Magic
  6912 | D        | Killed an ironbound preserver
  6912 | D        | Killed a vault warden
  6918 | D        | Killed an ironbound thunderhulk
  6929 | D        | Noticed a vault warden
  6933 | D        | Noticed an orc warlord
  6938 | D        | Killed a vault warden
  6939 | D        | Received a gift from Sif Muna
  6941 | D        | Killed an orc warlord
  7192 | D        | Got Sif Muna's Incunabulum of Frostbitten Vapour {god gift}
  7198 | D        | Got Sif Muna's Spellbook of Shadows and the Volcanoes {god
                  | gift}
  7275 | D        | Noticed an emperor scorpion
  7298 | D        | Killed an emperor scorpion
  7299 | D        | Reached skill level 25 in Fire Magic
  7680 | D        | Received a gift from Sif Muna
  7682 | D        | Reached skill level 15 in Conjurations
  7692 | D        | Reached XP level 15. HP: 130/130 MP: 13/34
  7701 | D        | Received a gift from Sif Muna
  7882 | D        | Got Lixibin's Handbook of the Cuttlefish {god gift}
  7882 | D        | Got Sif Muna's Cyclopedia of the Combative Union {god gift}
  7894 | D        | Got a decaying rune of Zot
  7902 | D        | Noticed Ilsuiw
  7910 | D        | Killed Ilsuiw
  7910 | D        | Received a gift from Sif Muna
  7919 | D        | Received a gift from Sif Muna
  7920 | D        | Mangled by a merfolk impaler

Illustrated notes

Levels and vault maps discovered:
D:        linesprint [early_d, line_temple, items_1, d_10, items_2, lair_1,
          lair_end, items_3, orc_1, orc_end, items_4, d_15, swamp_1, shoals_1,
          snake_1, spider_1, d_20, vaults_1, items_5, swamp_end, shoals_end,
          snake_end, spider_end, vaults_end, d_27, items_6, zot_1, zot_end,
          crypt_end, forest_end, elf_end, slime_end, tomb_end, abyss_end,
          pan_hell_end]

Skill      XL: |  1  2  3  4  5  6  7  8  9 10 11 12 13 14 15 |
---------------+----------------------------------------------+-----
Ice Magic      | 7 9 12 13 14 15 16 17 18 | 18.5
Spellcasting   | 4 5 8 9 11 12 13 14 15 | 15.5
Dodging        | 3 4 5 |  5.5
Fighting       | 2 5 7 10 11 | 11.2
Staves         | 2 4 5 |  5.6
Conjurations   | 2 4 7 9 11 12 16 19 | 19.2
Invocations    | 2 5 7 10 12 | 12.9
Fire Magic     | 6 10 20 25 | 25.9
Long Blades    | 12 14 | 14.0
Stealth        | |  1.7

Action                   |  1- 3 |  4- 6 |  7- 9 | 10-12 | 13-15 || total
-------------------------+-------+-------+-------+-------+-------++-------
Melee: Unarmed           |    32 |    11 |       |       |       ||    43
       Tailslap          |     4 |     2 |     2 |    18 |    30 ||    56
       Punch             |       |     1 |       |       |       ||     1
       Lajatang          |       |     5 |    27 |    48 |       ||    80
       Falchion          |       |       |       |    29 |   118 ||   147
       Bite              |       |       |       |       |    11 ||    11
 Cast: Freeze            |     7 |     2 |     2 |     2 |     6 ||    19
       Frozen Ramparts   |       |     2 |     4 |    17 |    15 ||    38
       Ozocubu's Armour  |       |     1 |     4 |    13 |    12 ||    30
       Hailstorm         |       |       |     9 |    11 |     3 ||    23
       Ozocubu's Refrige |       |       |       |    19 |    45 ||    64
       Fire Storm        |       |       |       |     2 |     2 ||     4
       Starburst         |       |       |       |     3 |    45 ||    48
Invok: Channel Magic     |       |       |       |     2 |    13 ||    15
       Divine Exegesis   |       |       |       |     2 |     2 ||     4
 Abil: Breathe Acid      |       |       |     1 |     1 |     4 ||     6
  Use: Potion            |     2 |       |       |     5 |     4 ||    11
       Scroll            |       |       |       |     3 |    10 ||    13
 Stab: Distracted        |       |       |       |       |     1 ||     1
Armor: Skin              |    16 |    10 |    28 |    32 |    83 ||   169
Dodge: Dodged            |    26 |    17 |    33 |    52 |    91 ||   219

Table legend: (Time is in decaauts)
 A = Elapsed time spent in this place.
 B = Non-inter-level travel time spent in this place.
 C = Inter-level travel time spent in this place.
 D = Time resting spent in this place.
 E = Time spent auto-exploring this place.
 F = Levels seen in this place.
 G = Mean time per level.
                   A        B        C        D        E       F      G
               +--------+--------+--------+--------+--------+-----+--------+
         Total |   7875 |   7676 |    199 |   5077 |      0 |   1 | 7875.0 |
       Dungeon |   7875 |   7676 |    199 |   5077 |      0 |   1 | 7875.0 |
               +--------+--------+--------+--------+--------+-----+--------+

Top non-repeatable levels by time:
       D: 7875 daAuts
